 Dungeon Crawl Stone Soup version 0.31.0-32-g396128a36d (webtiles) character file.

Game seed: 4372380626334041888

35 nel the Grave Robber (level 3, 0/24 HPs)
             Began as a Demonspawn Necromancer on Apr 3, 2024.
             Slain by a goblin
             ... wielding a +0 club
             ... led by Robin
              (2 damage)
             ... on level 1 of the Dungeon.
             The game lasted 00:04:32 (629 turns).

nel the Grave Robber (Demonspawn Necromancer)        Turns: 629, Time: 00:04:33

Health: 0/24       AC:  2    Str:  8    XL:     3   Next: 16%
Magic:  5/6        EV: 12    Int: 15    God:
Gold:   101        SH:  0    Dex: 15    Spells: 5/6 levels left

rFire   . . .        e - +0 dagger
rCold   . . .        (no shield)
rNeg    . . .        a - +0 robe
rPois   .            (no helmet)
rElec   .            (no cloak)
rCorr   .            (no gloves)
SInv    .            (no boots)
Will    .....        (no amulet)
Stlth   ++           (no ring)
HPRegen 0.24/turn    (no ring)
MPRegen 0.20/turn

%: no passive effects
@: no status effects
A: magic regeneration
a: no special abilities


You were on level 1 of the Dungeon.
You visited 1 branch of the dungeon, and saw 2 of its levels.

You collected 101 gold pieces.

Inventory:

Hand Weapons
 c - a +0 spear
 e - a +0 dagger (weapon)
Armour
 a - a +0 robe (worn)
Magical Staves
 g - a staff of earth
Scrolls
 d - a scroll of identify {unknown}
 f - a scroll of fog {unknown}
 h - a scroll of acquirement {unknown}
Potions
 b - a potion of magic


   Skills:
 + Level 2.2 Dodging
 - Level 2.0 Stealth
 - Level 2.3 Spellcasting
 * Level 5.0 Necromancy


You had 5 spell levels left.
You knew the following spells:

 Your Spells              Type           Power      Damage    Failure   Level
a - Necrotise             Necr           64%        1d7       2%          1

Your spell library contained the following spells:

 Spells                   Type           Power      Damage    Failure   Level
 Vampiric Draining        Necr           16%        2d7       9%          3
 Animate Dead             Necr           16%        N/A       26%         4
 Curse of Agony           Necr           16%        N/A       58%         5


Dungeon Overview and Level Annotations

Branches:
Dungeon (2/15)

Altars:

Annotations:
D:2 Robin


Innate Abilities, Weirdness & Mutations

You regenerate magic rapidly.


Message History

Robin throws the goblin at you!
The goblin unwields a +0 club.
The goblin wields a +0 sling.
The goblin shoots a sling bullet.
The sling bullet barely misses your goblin skeleton. x2
The sling bullet closely misses you.
You hit the goblin.
The goblin is severely wounded.
A goblin comes into view. It is wielding a +0 club.
The goblin hits you with a +0 dagger.
You hit the goblin but do no damage.
The goblin is severely wounded.
The goblin shoots a sling bullet.
The sling bullet closely misses you.
A goblin comes into view. It is wielding a +0 dagger.
The goblin barely misses you. Robin throws the goblin at you!
The goblin unwields a +0 sling.
The goblin wields a +0 club.
The goblin hits you but does no damage.
Robin hits your goblin skeleton with a +0 spear.
There is a stone staircase leading up, spattered with blood here.
Unknown command.
The goblin hits you with a +0 club.
* * * LOW HITPOINT WARNING * * *
You climb upwards.
There is a stone staircase leading down here.
The goblin attacks as it pursues you! The goblin barely misses you.
The goblin closely misses you. The goblin attacks as it pursues you!
The goblin barely misses you.
Casting: Necrotise (safe; 2% risk of failure)
Confirm with . or Enter, or press ? or * to list all spells.
Aiming: Necrotise (safe; 2% risk of failure)
Press: ? - help, Shift-Dir - straight line, f - goblin
Aim: a goblin, wielding a +0 dagger (moderately wounded, strong, chance to affect: 86%)
The goblin writhes in agony.
You kill the goblin!
The dead are walking!
The goblin unwields a +0 club.
The goblin wields a +0 sling.
The goblin shoots a sling bullet.
The sling bullet hits you.
* * * LOW HITPOINT WARNING * * *
Okay, then.
The goblin unwields a +0 sling.
The goblin wields a +0 club.
The goblin hits you with a +0 club.
You die...

#......#.#.........##
#..†...#.#..........#
#..|.†.#.##.#########
#####'##.##.#
#.......##.#
#######.......##.#
.....##.......##.#
.....#####'##.##.#
.....#####.##÷##@#####
........##.##.##g....#
....)...'......).Z...#
.[......##.##.##.....#
......####...).#..####
####..####..#..#..#
####....###.####..#
#....##+#......#..#
######.........#..#


You could see a goblin (strong, ally target) and a friendly goblin skeleton.

Vanquished Creatures
  2 endoplasms (D:1)
  A giant cockroach (D:1)
  9 goblins
  6 hobgoblins
  3 quokkas (D:1)
  2 frilled lizards
  3 kobolds (D:1)
  3 rats
29 creatures vanquished.

Vanquished Creatures (collateral kills)
  A rat (D:1)
1 creature vanquished.

Grand Total: 30 creatures vanquished

Notes
Turn   | Place    | Note
-------+----------+-------------------------------------------
     0 | D:1      | nel the Demonspawn Necromancer began the quest for the Orb.
     0 | D:1      | Reached XP level 1. HP: 13/13 MP: 3/3
   152 | D:1      | Gained mutation: You regenerate magic rapidly. [demonic
                  | ancestry]
   152 | D:1      | Reached XP level 2. HP: 18/19 MP: 0/5
   596 | D:2      | Reached XP level 3. HP: 16/24 MP: 2/6
   615 | D:2      | Reached skill level 5 in Necromancy
   617 | D:2      | Noticed Robin
   629 | D:1      | Slain by a goblin

Illustrated notes

Levels and vault maps discovered:
D:1:      dpeg_arrival_tiny_i, layout_basic
D:2:      layout_loops_cross, shapermc_ecumenical_altar_mp_urbaneastern,
          uniq_terence, uniq_robin

Skill      XL: |  1  2  3 |
---------------+----------+-----
Stealth        | 2 |  2.0
Dodging        | 2 |  2.2
Necromancy     | 5 |  5.0
Spellcasting   | |  2.3

Action                     || total
---------------------------++-------
  Melee: Spear             ||    23
         Dagger            ||    44
         Punch             ||     1
   Cast: Necrotise         ||    28
   Stab: Sleeping          ||     2
 Armour: Robe              ||    43
  Dodge: Dodged            ||    45
